 Dungeon Crawl Stone Soup version 0.22-a0-223-g0f5d773 (webtiles) character file.

398 pokedragonboy the Chopper (level 6, -1/55 HPs)
             Began as a Ghoul Monk on Feb 18, 2018.
             Was a Believer of Okawaru.
             Slain by a worker ant (6 damage)
             ... on level 4 of the Dungeon.
             The game lasted 00:06:24 (3635 turns).

pokedragonboy the Chopper (Ghoul Monk)              Turns: 3635, Time: 00:06:25

Health: -1/55      AC:  8    Str: 17    XL:     6   Next: 83%
Magic:  5/5        EV: 10    Int:  5    God:    Okawaru [**....]
Gold:   330        SH:  0    Dex: 11    Spells: 5/5 levels left

rFire    . . .     SeeInvis .   a - +0 hand axe
rCold    + . .     Gourm    .   (no shield)
rNeg     + + +     Faith    .   r - +0 scale mail
rPois    ∞         Spirit   .   k - +0 helmet
rElec    .         Reflect  .   (no cloak)
rCorr    .         Harm     .   (no gloves)
MR       .....                  f - +0 pair of boots
Stlth    ..........             (no amulet)
HPRegen  0.00/turn              (no ring)
MPRegen  0.09/turn              (no ring)

@: flying (expiring), rotting
A: rotting body, claws 1, carnivore, cold resistance 1, negative energy
resistance 3, inhibited regeneration, torment resistance, unbreathing
a: Heroism, Renounce Religion


You were on level 4 of the Dungeon.
You worshipped Okawaru.
Okawaru was pleased with you.
You were not hungry.

You visited 1 branch of the dungeon, and saw 4 of its levels.

You collected 330 gold pieces.

Inventory:

Hand Weapons
 a - a +0 hand axe (weapon)
Armour
 f - a +0 pair of boots (worn)
 k - a +0 helmet (worn)
 r - a +0 scale mail (worn)
Wands
 t - a wand of acid (11)
 u - a wand of random effects (27)
Scrolls
 b - 2 scrolls of blinking {unknown}
 e - a scroll of immolation {unknown}
 g - 4 scrolls of identify {unknown}
 i - 2 scrolls of magic mapping {unknown}
 l - 2 scrolls of remove curse {unknown}
 m - 4 scrolls of teleportation
 o - 2 scrolls of random uselessness {unknown}
 q - 2 scrolls of enchant weapon {unknown}
 s - a scroll of enchant armour {unknown}
 v - a scroll of amnesia {unknown}
Potions
 d - a potion of agility {unknown}
 j - a potion of cancellation {unknown}
 n - 2 potions of flight
 p - a potion of magic {unknown}
 w - a potion of invisibility {unknown}
Comestibles
 c - 13 rations


   Skills:
 + Level 4.9 Fighting
 * Level 5.1 Axes
 + Level 2.7 Armour
 - Level 2.6 Dodging
 - Level 2.1 Stealth


You had 5 spell levels left.
You didn't know any spells.

Dungeon Overview and Level Annotations

Branches:
Dungeon (4/15)
 Temple: D:4-7

Altars:
Dithmenos
Okawaru
Uskayaw
Xom


Innate Abilities, Weirdness & Mutations

Your body is rotting away.
You thrive on raw meat.
You are immune to poison.
You have sharp fingernails.
You are carnivorous and can eat meat at any time.
Your flesh is cold resistant. (rC+)
You are immune to negative energy. (rN+++)
You do not regenerate when monsters are visible.
You are immune to unholy pain and torment.
You can survive without breathing.


Message History

The worker ant bites you but does no damage.
You slash the orc wizard!
You kill the orc wizard!
Okawaru accepts your kill.
Your scale mail prevents you from hitting the worker ant.
The worker ant bites you.
* * * LOW HITPOINT WARNING * * *
The worker ant bites you but does no damage.
You closely miss the worker ant.
The worker ant is almost dead.
The worker ant closely misses you.
You hit the worker ant.
The worker ant is almost dead.
The worker ant bites you but does no damage.
The worker ant bites you.
* * * LOW HITPOINT WARNING * * *
Okay, then.
You are starting to lose your buoyancy.
The worker ant bites you.
You die...

.# ##.......#
#..).......
##.#.#.#.#.
######.###.##
.............#
##.
.####.###.#..#
##..... .....
#....# .......
##..###a##.#
##.####
#....@.##.#
#.##.####.##. #
#.........
#.######## #.#
#.#
##############.#
#...........##.#
#.#####........#


You could see a worker ant.

Vanquished Creatures
  Sigmund (D:3)
  A hound (D:4)
  Jessica (D:3)
  Ijyb (D:3)
  A worker ant (D:4)
  An orc wizard (D:4)
  A mummy (D:4)
  3 adders
  An ooze (D:1)
  A dart slug (D:2)
  3 leopard geckos
  7 giant cockroaches
  10 goblins
  9 hobgoblins
  7 jackals
  3 quokkas (D:2)
  6 bats
  4 frilled lizards
  4 kobolds
  2 kobold zombies (D:4)
  2 orc zombies (D:4)
  7 rats
  A butterfly (D:3)
77 creatures vanquished.

Notes
Turn   | Place    | Note
-------+----------+-------------------------------------------
     0 | D:1      | pokedragonboy the Ghoul Monk began the quest for the Orb.
     0 | D:1      | Reached XP level 1. HP: 19/19 MP: 0/0
   264 | D:1      | Reached XP level 2. HP: 25/26 MP: 1/1
   275 | D:1      | Reached skill level 3 in Axes
   503 | D:1      | Reached XP level 3. HP: 30/31 MP: 2/2
   510 | D:1      | Reached skill level 1 in Armour
  1039 | D:2      | Found a hide-covered altar of Uskayaw.
  1830 | D:2      | Reached XP level 4. HP: 36/40 MP: 3/3
  1925 | D:2      | Found a shadowy altar of Dithmenos.
  2274 | D:3      | Noticed Sigmund
  2308 | D:3      | Killed Sigmund
  2308 | D:3      | Reached skill level 4 in Axes
  2308 | D:3      | Reached XP level 5. HP: 32/47 MP: 4/4
  2308 | D:3      | Reached XP level 6. HP: 37/53 MP: 5/5
  2564 | D:3      | Noticed Ijyb
  2600 | D:3      | Killed Ijyb
  2635 | D:3      | Found a shimmering altar of Xom.
  2744 | D:3      | Noticed Jessica
  2772 | D:3      | Killed Jessica
  2839 | D:3      | Found an iron altar of Okawaru.
  2844 | D:3      | Became a worshipper of Warmaster Okawaru
  2844 | D:3      | Reached * piety under Okawaru
  2844 | D:3      | Reached ** piety under Okawaru
  3161 | D:4      | Reached skill level 5 in Axes
  3635 | D:4      | Slain by a worker ant

Vault maps used:
D:1:      dpeg_arrival_three_same_balls, kennysheep_pointless_box
D:2:      lemuel_crystal_altar, eat_drink_and_be_merry_uskayaw
D:3:      overflow_temple_1_default, xom_butterflies, uniq_sigmund, uniq_ijyb,
          uniq_jessica
D:4:      st_stairs_4, minmay_mini_ossuary

Skill      XL: |  1  2  3  4  5  6 |
---------------+-------------------+-----
Axes           | 3 4 5 |  5.1
Armour         | 1 2 |  2.7
Fighting       | 4 |  4.9
Dodging        | |  2.6
Stealth        | |  2.1

Action                   |  1- 3 |  4- 6 || total
-------------------------+-------+-------++-------
Melee: Hand axe          |   139 |   245 ||   384
  Use: Scroll            |       |     1 ||     1
       Potion            |       |     4 ||     4
 Stab: Sleeping          |     3 |       ||     3
  Eat: Chunk             |    11 |    11 ||    22
Armor: Robe              |    43 |     7 ||    50
       Scale mail        |       |   134 ||   134
Dodge: Dodged            |   134 |   147 ||   281

Table legend:
 A = Spawn XP
 B = Non-spawn XP
 C = Spawn XP percentage of total XP
 D = Spawn monster count
 E = Non-spawn monster count
 F = Spawn count percentage of total count
 G = Total turns spent on level
                    A         B        C        D         E        F      G
               +---------+---------+-------+---------+---------+-------+---------
         Total |       0 |     569 |   0.0 |       0 |      76 |   0.0 |  3635
               +---------+---------+-------+---------+---------+-------+---------
           D:1 |       0 |      47 |   0.0 |       0 |      24 |   0.0 |  1026
           D:2 |       0 |      50 |   0.0 |       0 |      22 |   0.0 |  1158
           D:3 |       0 |     317 |   0.0 |       0 |      18 |   0.0 |   809
           D:4 |       0 |     155 |   0.0 |       0 |      12 |   0.0 |   642
               +---------+---------+-------+---------+---------+-------+---------
